cohdb
Replays
Latest Replays
All Replays
Popular Replays
Top Player Replays
Match Explorer
How It Works
Community
CoH3 Stats
Reddit
Sign in to upload your games and track your stats! →
Sign in with Steam
Match 45942562
Unlisted
Match 45942562
Overview
Messages
Build Orders
End
Royal Engineer Section
Royal Engineer Section
Construct Section Command Post
Selects Canadian Shock Battlegroup
Selects Canadian Shock Battlegroup
Selects Incendiary Munitions
Royal Engineer Section
Infantry Section
Grenade Package
Infantry Section
Selects Pyrotechnics
Construct Platoon Command Post
Selects Attacking Spirit
6-pounder Anti-tank Gun Team
Infantry Training
Team Weapon Training
Logan5
Ser Wadsworth
potatoo
Водитель по Губам
VIOLATION
Dirkradix
0
0
Comments
sign in to comment!
No comments posted yet!